 Dungeon Crawl Stone Soup version 0.27-b1-23-g44b8eac545 (webtiles) character file.

Game seed: 14151271021865338213

44 pikapanic the Skirmisher (level 3, 0/27 (29) HPs)
             Began as a Demonspawn Fighter on July 27, 2021.
             Slain by a goblin (3 damage)
             ... led by Robin
             ... on level 2 of the Dungeon.
             The game lasted 00:03:36 (1388 turns).

pikapanic the Skirmisher (Demonspawn Fighter)       Turns: 1388, Time: 00:03:37

HP:   0/27 (29)     AC:  7    Str: 17    XL:     3   Next: 41%
MP:   3/3           EV:  7    Int: 11    God:
Gold: 65            SH:  8    Dex: 12    Spells: 2/2 levels left

rFire    . . .     SeeInvis .   a - +0 war axe
rCold    . . .     Faith    .   c - +0 kite shield
rNeg     . . .     Spirit   .   b - +1 scale mail
rPois    .         Reflect  .   (no helmet)
rElec    .         Harm     .   (no cloak)
rCorr    .         Rampage  .   (no gloves)
Will     .....                  (no boots)
Stlth    ..........             (no amulet)
HPRegen  0.09/turn              (no ring)
MPRegen  0.08/turn              (no ring)

@: mighty, silenced, drained
A: ignite blood 1, big brain 1
a: no special abilities


You were on level 2 of the Dungeon.
You visited 1 branch of the dungeon, and saw 2 of its levels.

You collected 65 gold pieces.

Inventory:

Hand Weapons
 a - a +0 war axe (weapon)
Armour
 b - a +1 scale mail (worn)
 c - a +0 kite shield (worn)
Jewellery
 f - a +4 ring of evasion
Scrolls
 g - a scroll of silence


   Skills:
 + Level 3.3 Fighting
 + Level 2.7 Axes
 - Level 3.0 Armour
 - Level 2.9 Shields


You had 2 spell levels left.
You didn't know any spells.
Your spell library was empty.

Dungeon Overview and Level Annotations

Branches:
Dungeon (2/15)

Altars:

Annotations:
D:2 Robin


Innate Abilities, Weirdness & Mutations

Your demonic aura sometimes causes spilled blood to erupt in flames.
You have an unusually large brain. (Int +2)


Message History

You miss the goblin.
The goblin is moderately wounded.
You hit the goblin.
You kill the goblin!
The goblin unwields a +0 club.
The goblin wields a +0 hunting sling.
The goblin shoots a stone.
The stone hits you.
* * * LOW HITPOINT WARNING * * *
The goblin hits you but does no damage.
The goblin shoots a stone.
You block the stone.
As you read the scroll labelled QAOHIS CAM, it crumbles to dust.
It is a scroll of enchant armour.
Your +0 scale mail glows green for a moment.
The goblin no longer looks unusually strong.
You block the goblin's attack.
Unknown command.
As you read the scroll labelled MIMAAPS JUDGH, it crumbles to dust.
A profound silence engulfs you.
It was a scroll of silence.
The hobgoblin no longer looks unusually strong.
The goblin no longer looks unusually strong.
The hobgoblin no longer looks unusually strong.
The goblin hits you but does no damage.
The goblin unwields a +0 hunting sling.
The goblin wields a +0 club.
The goblin barely misses you.
Unknown command.
You feel very mighty all of a sudden. The goblin hits you but does no damage.
You barely miss the goblin. x2; You block the goblin's attack.
The goblin barely misses you.
A ball python comes into view.
You block the goblin's attack. x2
You closely miss the goblin. You barely miss the goblin.
Robin roars a battlecry!
The goblins go into a battle-frenzy!
The goblin hits you with a +0 club.
* * * LOW HITPOINT WARNING * * *
The goblin hits you but does no damage.
You closely miss the goblin. You slash the goblin!
You kill the goblin!
You block the goblin's attack. x2
You miss the goblin. The goblin hits you with a +0 club.
You die...

..[############..
#..gggg@)........
#..######...#.#.#
####...#.#.#
#.<........#
#............
##..........#
#.......#.#.#
#..###...#.#.#
#..# #...# #


You could see Robin, 2 hobgoblins and a goblin (strong).

Vanquished Creatures
  4 bats (D:1)
  3 endoplasms (D:1)
  A giant cockroach (D:1)
  10 goblins
  5 hobgoblins
  3 jackals (D:1)
  2 kobolds (D:1)
  2 quokkas (D:1)
  5 ball pythons (D:1)
  A rat (D:1)
36 creatures vanquished.

Vanquished Creatures (others)
  A fungus (D:1)
  A plant (D:1)
2 creatures vanquished.

Grand Total: 38 creatures vanquished

Notes
Turn   | Place    | Note
-------+----------+-------------------------------------------
     0 | D:1      | pikapanic the Demonspawn Fighter began the quest for the
                  | Orb.
     0 | D:1      | Reached XP level 1. HP: 18/18 MP: 1/1
   501 | D:1      | Gained mutation: You have an unusually large brain. (Int
                  | +2) [demonic ancestry]
   501 | D:1      | Reached XP level 2. HP: 24/24 MP: 2/2
   807 | D:1      | Found a faded altar of an unknown god.
   997 | D:1      | Gained mutation: Your demonic aura sometimes causes spilled
                  | blood to erupt in flames. [demonic ancestry]
   997 | D:1      | Reached XP level 3. HP: 13/26 MP: 3/3
  1368 | D:2      | Noticed Robin
  1388 | D:2      | Slain by a goblin

Illustrated notes

Levels and vault maps discovered:
D:1:      shiori_arrival_oz, layout_basic,
          shapermc_ecumenical_altar_mp_ritualfount
D:2:      layout_loops_ring, minmay_statues_item, uniq_robin

Skill      XL: |  1  2 |
---------------+-------+-----
Axes           | 2 |  2.7
Armour         | 3 |  3.0
Fighting       | |  3.3
Shields        | |  2.9

Action                   || total
-------------------------++-------
Melee: War axe           ||   105
  Use: Scroll            ||     2
       Potion            ||     1
Armor: Scale mail        ||    72
Dodge: Dodged            ||    48
Block: Kite shield       ||    71
